 Dungeon Crawl Stone Soup version 0.19.1-28-ge1247f7 (webtiles) character file.

666537 mopl the Shatterer (level 27, 0/309 HPs)
             Began as an Ogre Arcane Marksman on Jan 6, 2017.
             Was the Champion of Okawaru.
             Slain by a death cob (9 damage)
             ... on level 1 of the Realm of Zot on Jan 21, 2017.
             The game lasted 04:03:45 (85360 turns).

mopl the Shatterer (Ogre Arcane Marksman)          Turns: 85360, Time: 04:03:45

Health: 0/309      AC: 17    Str: 24    XL:     27
Magic:  0/46       EV: 22    Int: 14    God:    Okawaru [******]
Gold:   6129       SH:  0    Dex: 18    Spells: 11 memorised, 28 levels left

rFire  + . .     SeeInvis +     a - +9 giant spiked club (crush)
rCold  + + .     Gourm    +     N - +4 moon troll leather armour {Spirit, Regen++ MP+5}
rNeg   + . .     Faith    .     (shield currently unavailable)
rPois  +         Spirit   +     I - +2 hat of the Bear Spirit {Spirit, +Rage rN+ MR++}
rElec  .         Reflect  .     g - +2 cloak {MR+}
rCorr  .         Harm     .     (gloves unavailable)
MR     ++++.                    (boots unavailable)
Stlth  +.........               T - amulet of Trepidation {Gourm rPois rF+ rC++ MR-}
                                P - +5 ring of slaying {=R}
                                H - ring of see invisible

@: slowed, repel missiles, very slow
A: unfitting armour, clever 1, sense surroundings 1, tough skin 1
a: Heroism, Finesse, Renounce Religion, Evoke Berserk Rage
}: 4/15 runes: barnacled, slimy, silver, gossamer


You were on level 1 of the Realm of Zot.
You worshipped Okawaru.
Okawaru was exalted by your worship.
You were very full.

You visited 12 branches of the dungeon, and saw 54 of its levels.
You visited 2 bazaars.
You also visited: Ossuary, Bailey, Volcano, Wizlab and Desolation.

You collected 8922 gold pieces.
You spent 2793 gold pieces at shops.

Inventory:

Hand Weapons
 a - a +9 giant spiked club of crushing (weapon)
 e - a +9 sacred scourge of holy wrath
 U - the +7 great mace "Undeadhunter" {disrupt, rN+}
   (Okawaru gifted it to you in a wizard's laboratory)

   It protects you from negative energy.
 X - the +5 giant club "Widowmaker" {vamp, -Tele rPois Dex+8 Stlth+}
   (Okawaru gifted it to you on level 4 of the Vaults)

   It inflicts no extra harm, but heals its wielder when it wounds a living foe.
   It affects your dexterity (+8).
   It protects you from poison.
   It prevents most forms of teleportation.
   It makes you more stealthy.
Missiles
 c - 202 large rocks (quivered)
 d - 13 throwing nets
 i - 34 javelins of penetration
 j - 7 needles of confusion
 k - 11 tomahawks of dispersal
 n - 1405 stones
 A - 4 steel javelins
 G - 7 javelins
 L - 51 poisoned javelins
Armour
 g - a +2 cloak of magic resistance (worn)
 I - the +2 hat of the Bear Spirit (worn) {Spirit, +Rage rN+ MR++}
   (You bought it in a shop on level 3 of the Depths)

   It protects you from negative energy.
   It affects your resistance to hostile enchantments.
   It lets you go berserk.
 N - the +4 moon troll leather armour (worn) {Spirit, Regen++ MP+5}
   (You took it off a moon troll in a wizard's laboratory)

   It affects your magic capacity (+5).
   It increases your rate of regeneration.
Jewellery
 z - the ring "Jerph" {EV+1 Dex+6}
   (You found it in the Desolation of Salt)

   [ring of evasion]

   It affects your evasion (+1).
   It affects your dexterity (+6).
 H - a ring of see invisible (left hand)
 P - a +5 ring of slaying (right hand) {=R}
 T - the amulet of Trepidation (around neck) {Gourm rPois rF+ rC++ MR-}
   (You found it on level 5 of the Pits of Slime)

   [amulet of the gourmand]

   It allows you to eat raw meat even when not hungry.
   It protects you from fire.
   It greatly protects you from cold.
   It protects you from poison.
   It affects your resistance to hostile enchantments.
Wands
 o - a wand of digging (13/24)
 r - a wand of hasting (7/9)
 y - a wand of disintegration (8/24)
 O - a wand of heal wounds (5/9)
 Q - a wand of teleportation (5/9)
Scrolls
 l - 2 scrolls of blinking
 m - 3 scrolls of identify
 q - 7 scrolls of vulnerability
 s - a scroll of silence {!r}
 v - 4 scrolls of fog
 C - 16 scrolls of teleportation
 R - 5 scrolls of magic mapping
 S - 12 scrolls of remove curse
 V - 9 scrolls of fear
 Z - a scroll of summoning
Potions
 h - 7 potions of haste
 p - 9 potions of curing
 w - 2 potions of invisibility
 x - 5 potions of flight
 B - 6 potions of resistance
 D - 11 potions of ambrosia
 F - 10 potions of heal wounds
 J - 11 potions of agility
 K - 5 potions of cancellation
 M - 6 potions of might
 W - 10 potions of lignification {!q}
 Y - 4 potions of berserk rage {!q}
Miscellaneous
 u - 3 boxes of beasts
Comestibles
 f - 34 bread rations
 t - 2 meat rations
 E - 2 beef jerkies


   Skills:
 - Level 24.0 Fighting
 - Level 24.0 Maces & Flails
 + Level 21.1 Throwing
 + Level 15.1 Armour
 + Level 16.2 Dodging
 + Level 14.6 Spellcasting
 - Level 5.0 Hexes
 - Level 10.0 Charms
 - Level 11.0 Summonings
 - Level 6.0 Necromancy
 - Level 6.0 Translocations
 + Level 7.3 Air Magic
 - Level 10.0 Invocations


You had 28 spell levels left.
You knew the following spells:

 Your Spells              Type           Power        Failure   Level  Hunger
a - Apportation           Tloc           ####......   1%          1    None
c - Spectral Weapon       Hex/Chrm       ####....     1%          3    None
d - Summon Butterflies    Summ           #####...     1%          1    None
e - Blink                 Tloc           N/A          1%          2    None
f - Aura of Abjuration    Summ           #####.....   1%          5    ####...
i - Repel Missiles        Chrm/Air       ####..       1%          2    None
n - Swiftness             Chrm/Air       ####....     1%          2    None
r - Regeneration          Chrm/Necr      ####......   1%          3    None
x - Animate Skeleton      Necr           N/A          1%          1    None
y - Yara's Violent Unrav  Hex/Tmut       ###.......   75%         5    ####...
C - Corpse Rot            Necr           N/A          1%          2    None


Dungeon Overview and Level Annotations

Branches:
Dungeon (15/15)            Temple (1/1) D:5            Lair (6/6) D:11
 Shoals (4/4) Lair:4       Spider (4/4) Lair:3        Slime (5/5) Lair:5
    Orc (2/2) D:10            Elf (3/3) Orc:2        Vaults (5/5) D:14
  Crypt (3/3) Vaults:3       Tomb (0/3) Crypt:3      Depths (5/5) D:15
    Zot (1/5) Depths:5

Altars:
Ashenzari
Cheibriados
Dithmenos
Elyvilon
Gozag
Hepliaklqana
Kikubaaqudgha
Makhleb
Nemelex Xobeh
Okawaru
Qazlal
Ru
Sif Muna
Uskayaw
Vehumet
Yredelemnul
The Shining One
Jiyva

Shops:
D:13 !   Orc:2 :?*   Elf:1 [   Elf:2 }   Shoals:1 %[}}?   Vaults:3 (
Vaults:5 (   Depths:3 }}:=[   Depths:5 [

Portals:
Hell: Depths:1 Depths:2 Depths:3 Depths:4 Depths:5
Abyss: Depths:1 Depths:3 Depths:4 Depths:5
Pandemonium: Depths:3
Ziggurat: Depths:5

Annotations:
D:8 LRD for scourge
Shoals:1 evo shops


Innate Abilities, Weirdness & Mutations

You are too large for most types of armour.
You have tough skin. (AC +1)
Your mind is acute. (Int +2)
You passively map a small area around you.


Message History

You hit the death cob.
The death cob is lightly damaged.
The death cob completely misses you. The death cob misses you. x2
The death cob barely misses you.
The death cob hits you but does no damage.
The quicksilver dragon closely misses you.
The quicksilver dragon completely misses you.
The death cob completely misses you. The death cob closely misses you.
The death cob hits you!
* * * LOW HITPOINT WARNING * * *
The death cob drains your vigour!
You feel as though you will be slow longer.
Wield which item (- for none, * to show all)? (? for menu, Esc to quit)
Really unwield
X - the +5 giant club "Widowmaker" {vamp, -Tele rPois Dex+8 Stlth+}?
You feel the dreadful sensation subside.
a - a +9 giant spiked club of crushing (weapon)
The death cob hits you!!
* * * LOW HITPOINT WARNING * * *
The death cob hits you!
You die...

...$.......
##D........# , *
##..>.......#,, ,, ,
#.....$.....# 8 +
.)..........# *
............## ,
?.....Dz.....####### ,
,.......@(..[....>..#,
,
.......zz..........##
,
....................#
, *
##..................##
##..................#
##.................? *
##................. ,
............?...... ,
..%..#####..###...##


You could see a shadow dragon, 3 death cobs and a quicksilver dragon.

Vanquished Creatures
  the Royal Jelly (Slime:5)
  Mennas (Vaults:4)
  2 ancient liches
  4 juggernauts
  A greater mummy (Crypt:2)
  Sojobo (Vaults:3)
  Margery (Vaults:4)
  Bai Suzhen (Spider:3)
  Xtahua (Vaults:4)
  3 golden dragons
  3 bone dragons
  Arachne (Spider:3)
  3 tentacled monstrosities
  Jorgrun (Depths:1)
  2 liches (Crypt:3)
  3 deep elf blademasters
  The ghost of Squonk the Earth Mage, an adept DgEE (Depths:2)
  Rupert (D:14)
  A moon troll (WizLab)
  2 deep elf master archers (Elf:3)
  2 titans (Vaults:5)
  2 quicksilver dragons (WizLab)
  2 sphinxes (Depths:4)
  A death cob (Zot:1)
  7 tentacled starspawn (WizLab)
  17 acid blobs
  Gastronok (Lair:3)
  3 storm dragons
  2 krakens
  7 ancient champions
  Donald (Vaults:1)
  10 azure jellies
  7 tengu reavers
  5 shadow dragons
  3 revenants
  17 vault wardens
  Roxanne (D:14)
  13 fire giants
  3 ghost moths
  6 deep elf sorcerers
  Ilsuiw (Shoals:4)
  9 frost giants
  The ghost of galech the Peltast, a journeyman FoFi of Makhleb (D:14)
  A draconian zealot (Depths:5)
  A cacodemon (WizLab)
  An imperial myrmidon (Desolation)
  Aizul (Shoals:2)
  A curse skull (Crypt:1)
  An iron dragon (Depths:3)
  A spriggan defender (Depths:4)
  9 emperor scorpions
  A reaper (Crypt:3)
  14 ironheart preservers
  3 deep elf elementalists
  2 war gargoyles (Vaults:5)
  A juggernaut skeleton (Crypt:1)
  32 stone giants
  A ghoul (Crypt:1)
  2 green draconians (Depths:5)
  31 very ugly things
  10 vampire knights
  4 entropy weavers
  10 deep elf demonologists
  A black draconian (Zot:1)
  11 deep elf annihilators
  4 spark wasps
  A white draconian (Depths:5)
  2 blizzard demons
  A red draconian (Depths:5)
  Snorg (Orc:2)
  The ghost of Mungo the Severer, a journeyman MiBe of Trog (Orc:2)
  12 deep elf death magi
  8 merfolk javelineers
  A quicksilver dragon zombie (Crypt:2)
  13 ettins
  20 yaktaur captains
  12 merfolk impalers
  An eidolon (Crypt:3)
  6 death oozes (Slime:5)
  5 ragged hierophants (Desolation)
  29 vault guards
  14 great orbs of eyes
  Harold (D:12)
  11 fire dragons
  5 crystal guardians
  12 jiangshi
  7 servants of whispers (Desolation)
  7 hydras
  8 rakshasas
  7 peacekeepers
  4 deep elf high priests
  4 quicksilver dragon skeletons
  7 ice dragons
  Erolcha (Orc:1)
  2 alligator snapping turtles
  11 centaur warriors
  2 spriggan air magi (Depths:4)
  An ice dragon (shapeshifter) (Vaults:3)
  4 merfolk avatars
  5 merfolk aquamancers
  2 death knights
  3 satyrs
  29 dancing weapons
  15 ogre magi
  4 deep troll shamans
  4 tengu warriors
  11 vampire magi
  Urug (D:14)
  3 spriggan berserkers
  7 deep troll earth magi
  A spriggan (Depths:4)
  4 orc high priests
  A storm dragon zombie (Vaults:4)
  A titan skeleton (Crypt:3)
  3 soul eaters
  2 sun demons (Depths:1)
  30 deep elf knights
  60 skeletal warriors
  14 sea snakes
  13 hell knights
  2 iron trolls (Depths:5)
  3 shadow wraiths
  A wretched star (WizLab)
  A golden dragon zombie (Crypt:2)
  A fire crab (shapeshifter) (Vaults:5)
  A torturous demonspawn (Depths:3)
  An orange crystal statue (WizLab)
  30 deep trolls
  16 deep elf archers
  8 flayed ghosts
  A shadow dragon zombie (Crypt:2)
  6 unseen horrors
  20 ironbrand convokers
  The ghost of Scuka the Archer, a novice CeHu of Okawaru (D:6)
  6 hill giants
  5 wizards
  9 glowing orange brains
  12 phantasmal warriors
  An obsidian statue (Depths:1)
  A sphinx zombie (Vaults:4)
  A wolf spider zombie (D:15)
  6 necromancers
  A lindwurm (Lair:5)
  38 harpies
  13 orc knights
  14 orb spiders
  3 anaconda skeletons (Crypt:3)
  2 iron dragon zombies (Crypt:2)
  56 ugly things
  3 oklob plants
  4 orc sorcerers
  30 wolf spiders
  13 fauns
  2 shadow dragon skeletons (Crypt:3)
  A human zombie (Vaults:5)
  A fire giant zombie (Vaults:5)
  An orb spider (shapeshifter) (Vaults:5)
  6 shining eyes
  77 deep elf magi
  A frost giant zombie (Vaults:4)
  A tengu skeleton (Vaults:4)
  15 manticores
  A stone giant zombie (Crypt:2)
  10 cyclopes
  3 moths of wrath
  10 sirens
  11 elephants
  3 iron dragon skeletons (Crypt:3)
  An elephant (shapeshifter) (Vaults:5)
  A stone giant skeleton (Crypt:3)
  A black mamba (shapeshifter) (Vaults:3)
  A human skeleton (Vaults:5)
  9 water nymphs
  3 centaur zombies
  5 guardian serpents
  8 large abominations (Depths:5)
  A shock serpent zombie (Crypt:2)
  A molten gargoyle (Desolation)
  A dire elephant zombie (Crypt:1)
  A gargoyle (D:11)
  A water nymph (shapeshifter) (Vaults:5)
  2 frost giant skeletons
  6 vault sentinels
  4 eyes of devastation
  7 black mambas
  3 orange demons
  A rust devil (Depths:1)
  Psyche (D:10)
  22 spiny frogs
  2 torpor snails
  A purple draconian zombie (Crypt:2)
  8 komodo dragons
  3 kobold demonologists (D:15)
  4 demonic crawlers
  91 yaktaurs
  A grey draconian zombie (Crypt:3)
  A dire elephant skeleton (Crypt:3)
  13 rime drakes
  2 rime drakes (shapeshifter)
  4 centaur skeletons
  12 freezing wraiths
  An ice devil (Depths:1)
  2 trolls (shapeshifter)
  8 guardian mummies (Crypt:2)
  11 trolls
  A wind drake (shapeshifter) (D:15)
  3 tengu conjurers
  A green draconian skeleton (Crypt:2)
  A mottled draconian skeleton (Crypt:2)
  2 harpy zombies
  6 wind drakes
  A jumping spider (shapeshifter) (Depths:4)
  45 merfolk
  A meliai (shapeshifter) (Vaults:3)
  4 tyrant leeches (Lair:6)
  28 jumping spiders
  9 hornets
  An ettin zombie (Crypt:2)
  19 two-headed ogres
  59 saltlings (Desolation)
  A harpy skeleton (Crypt:3)
  A hornet (shapeshifter) (Vaults:2)
  80 slime creatures
  27 blink frogs
  8 dream sheep
  A hydra skeleton (Crypt:3)
  2 frost giant simulacra (Vaults:4)
  A snapping turtle (shapeshifter) (Vaults:1)
  15 snapping turtles
  18 hippogriffs
  3 human simulacra (Vaults:4)
  4 air elementals
  An ice dragon skeleton (Crypt:3)
  13 flying skulls
  88 redbacks
  2 starcursed masses (WizLab)
  2 fire dragon skeletons (Crypt:3)
  11 wyverns
  19 water elementals
  5 ettin skeletons
  59 yaks
  4 shadows
  26 tarantellas
  2 chaos spawn (Depths:5)
  5 fire elementals
  7 wraiths
  8 basilisks
  17 golden eyes
  2 ynoxinuls (Depths:3)
  16 humans
  7 hungry ghosts
  A black mamba skeleton (Crypt:1)
  A redback simulacrum (D:15)
  7 vampire mosquitoes
  A neqoxec (WizLab)
  A harpy simulacrum (D:15)
  12 wargs
  A torturous demonspawn zombie (Crypt:3)
  4 mottled dragons
  A glowing shapeshifter zombie (Crypt:3)
  3 small abominations (Depths:5)
  8 water moccasins
  An orb spider zombie (Crypt:1)
  A floating eye (shapeshifter) (Vaults:5)
  7 porcupines
  A floating eye (Depths:4)
  A black bear (shapeshifter) (Vaults:2)
  The ghost of mopl the Skirmisher, an amateur OgAM (D:4)
  4 sky beasts
  2 black bears
  49 orc warriors
  An eye of draining (shapeshifter) (Depths:4)
  A necrophage (D:7)
  3 ice beasts
  A spiny frog skeleton (Crypt:3)
  69 ogres
  2 snapping turtle zombies (Crypt:2)
  3 eyes of draining
  An ogre (shapeshifter) (Depths:5)
  7 phantoms
  13 boggarts
  27 centaurs
  10 wolves
  17 crocodiles
  A manticore skeleton (Crypt:3)
  Blork the orc (D:4)
  A rime drake skeleton (Crypt:2)
  4 big kobolds
  6 gnoll sergeants (D:10)
  30 bullfrogs
  2 earth elementals
  An elf skeleton (Crypt:1)
  4 water moccasin zombies
  2 scorpions
  A troll zombie (Crypt:2)
  3 killer bees (D:6)
  4 wights
  A spriggan skeleton (Crypt:3)
  A wolf zombie (Crypt:3)
  11 electric eels
  11 crimson imps
  2 bullfrog zombies
  5 iron imps
  7 hounds
  10 jellies
  32 orc priests
  3 bullfrog skeletons
  32 orc wizards
  A gnoll shaman (D:4)
  2 iguanas
  12 worker ants
  A porcupine skeleton (Crypt:3)
  2 big kobold zombies (Ossuary)
  A deep dwarf skeleton (Crypt:1)
  A hound zombie (D:9)
  9 mummies
  A worker ant zombie (D:7)
  13 gnolls
  20 adders
  9 shadow imps
  2 white imps
  3 oozes (D:4)
  2 adder skeletons
  5 adder zombies
  3 leopard geckos
  143 orcs
  4 ball pythons
  7 bats
  5 giant cockroaches
  7 goblins
  3 hobgoblins
  6 jackals
  30 kobolds
  8 quokkas
  A ball python skeleton (Crypt:3)
  4 frilled lizards
  A gnoll zombie (Ossuary)
  A goblin zombie (D:4)
  6 hobgoblin zombies (Ossuary)
  A jackal skeleton (Crypt:2)
  2 kobold skeletons (Crypt:1)
  8 kobold zombies (Ossuary)
  3 orc zombies (Ossuary)
  A quokka skeleton (D:6)
  2 quokka zombies
  6 rats
  A rat zombie (Crypt:3)
  A river rat skeleton (Crypt:3)
  24 plants
  7 starspawn tentacles (WizLab)
  11 tentacles
2882 creatures vanquished.

Vanquished Creatures (others)
  A fire giant (Depths:4)
  A yaktaur captain (Vaults:5)
  A necromancer (Vaults:5)
  A wolf spider (Spider:2)
  A black mamba (Lair:4)
  A yaktaur (Depths:5)
  A two-headed ogre (Vaults:2)
  An air elemental (Depths:5)
  A boggart (Depths:3)
  A crimson imp (Depths:1)
  An orc wizard (Orc:2)
  An ooze (D:5)
  2 orcs (D:14)
  5 demonic plants (WizLab)
  15 fungi
  65 plants
  9 starspawn tentacles (WizLab)
  25 tentacles
133 creatures vanquished.

Grand Total: 3015 creatures vanquished

Notes
Turn   | Place    | Note
-------+----------+-------------------------------------------
     0 | D:1      | mopl the Ogre Arcane Marksman began the quest for the Orb.
     0 | D:1      | Reached XP level 1. HP: 19/19 MP: 2/2
   268 | D:1      | Reached skill level 1 in Maces & Flails
   268 | D:1      | Reached XP level 2. HP: 17/28 MP: 3/3
   762 | D:1      | Reached skill level 2 in Fighting
   854 | D:1      | Reached skill level 2 in Maces & Flails
   964 | D:2      | Reached XP level 3. HP: 22/35 MP: 4/4
  1325 | D:2      | Found a snail-covered altar of Cheibriados.
  1374 | D:2      | HP: 1/36 [adder (3)]
  1377 | D:2      | Reached skill level 3 in Maces & Flails
  1724 | D:2      | Reached XP level 4. HP: 24/44 MP: 5/5
  2555 | D:3      | Noticed a centaur
  2572 | D:3      | Killed a centaur
  2572 | D:3      | Reached skill level 3 in Fighting
  2572 | D:3      | Reached skill level 4 in Maces & Flails
  2572 | D:3      | Reached skill level 3 in Throwing
  2572 | D:3      | Reached XP level 5. HP: 5/53 MP: 6/6
  2963 | D:3      | Found a sparkling altar of Nemelex Xobeh.
  3336 | D:4      | Reached skill level 5 in Maces & Flails
  3336 | D:4      | Reached XP level 6. HP: 62/62 MP: 7/7
  3371 | D:4      | Noticed mopl's ghost (amateur OgAM)
  3380 | D:4      | Killed mopl's ghost
  3380 | D:4      | Reached skill level 4 in Fighting
  3394 | D:4      | Got a creamy pearl robe
  3405 | D:4      | Identified the +2 robe of Aptuif {rCorr Int+4} (You found it on level 4 of the Dungeon)
  3409 | D:4      | Got a pair of ancient boots
  3452 | D:4      | Noticed a phantom
  3467 | D:4      | Killed a phantom
  3467 | D:4      | Reached skill level 6 in Maces & Flails
  3552 | D:4      | Found a sand-covered staircase.
  3555 | D:4      | Noticed Blork the orc
  3559 | Ossuary  | Entered an ossuary
  3682 | Ossuary  | Reached skill level 4 in Throwing
  3682 | Ossuary  | Reached XP level 7. HP: 48/71 MP: 8/8
  3944 | Ossuary  | Reached skill level 5 in Fighting
  4066 | Ossuary  | Reached skill level 7 in Maces & Flails
  4570 | D:4      | Killed Blork the orc
  4711 | D:4      | Found a sacrificial altar of Ru.
  5011 | D:4      | Found a hide-covered altar of Uskayaw.
  5108 | D:5      | Entered Level 5 of the Dungeon
  5184 | D:5      | Reached skill level 6 in Fighting
  5184 | D:5      | Reached XP level 8. HP: 45/83 MP: 6/9
  5550 | D:5      | Reached skill level 8 in Maces & Flails
  6041 | D:4      | Reached skill level 5 in Throwing
  6765 | D:5      | Found a staircase to the Ecumenical Temple.
  6784 | Temple   | Entered the Ecumenical Temple
  6800 | Temple   | Became a worshipper of Warmaster Okawaru
  7116 | D:6      | Reached skill level 1 in Invocations
  7243 | D:6      | Reached skill level 9 in Maces & Flails
  7281 | D:6      | Noticed Scuka's ghost (novice CeHu)
  7326 | D:6      | Killed Scuka's ghost
  7326 | D:6      | Reached * piety under Okawaru
  7326 | D:6      | Reached ** piety under Okawaru
  7326 | D:6      | Reached skill level 7 in Fighting
  7326 | D:6      | Reached skill level 10 in Maces & Flails
  7326 | D:6      | Reached skill level 3 in Invocations
  7326 | D:6      | Reached XP level 9. HP: 30/94 MP: 3/11
  7935 | D:6      | Reached skill level 8 in Fighting
  8414 | D:7      | Reached skill level 11 in Maces & Flails
  8429 | D:7      | Reached skill level 4 in Invocations
  8698 | D:7      | Reached skill level 9 in Fighting
  8700 | D:7      | Found a white marble altar of Elyvilon.
  8975 | D:7      | Reached skill level 12 in Maces & Flails
  9058 | D:7      | Reached *** piety under Okawaru
  9058 | D:7      | Reached skill level 5 in Invocations
  9059 | D:7      | Reached XP level 10. HP: 107/107 MP: 13/13
  9997 | D:8      | Found a basalt altar of Yredelemnul.
 10002 | D:8      | Found a glowing golden altar of the Shining One.
 10004 | D:8      | Noticed an angel
 10431 | D:9      | Found a burning altar of Makhleb.
 10506 | D:9      | Found a flagged portal.
 10537 | Bailey   | Entered a bailey
 10853 | Bailey   | Reached skill level 10 in Fighting
 11251 | Bailey   | Reached skill level 13 in Maces & Flails
 11423 | Bailey   | Reached skill level 6 in Invocations
 12770 | Bailey   | Got a brightly glowing executioner's axe
 12771 | Bailey   | Identified the +6 executioner's axe "Asoq Kyse" {chop, rElec rPois rC+} (You found it in a bailey)
 13352 | D:9      | Learned a level 1 spell: Apportation
 13354 | D:9      | Learned a level 1 spell: Animate Skeleton
 13376 | D:9      | Reached **** piety under Okawaru
 13489 | D:10     | Entered Level 10 of the Dungeon
 13491 | D:10     | Noticed Psyche
 13786 | D:10     | Killed Psyche
 13786 | D:10     | Reached skill level 11 in Fighting
 13786 | D:10     | Reached skill level 6 in Throwing
 13786 | D:10     | Reached XP level 11. HP: 120/120 MP: 12/16
 13928 | D:10     | Reached skill level 14 in Maces & Flails
 13928 | D:10     | Reached skill level 7 in Invocations
 14245 | D:10     | Found a staircase to the Orcish Mines.
 14280 | D:10     | Reached skill level 12 in Fighting
 14342 | D:9      | Reached ***** piety under Okawaru
 14652 | D:10     | Noticed a hill giant
 14656 | D:10     | Killed a hill giant
 15143 | D:10     | Received a gift from Okawaru
 15721 | D:11     | Noticed a cyan ugly thing
 15728 | D:11     | Killed a cyan ugly thing
 15948 | D:11     | Killed an unseen horror
 15948 | D:11     | Reached skill level 15 in Maces & Flails
 15967 | D:11     | Noticed a green ugly thing
 15972 | D:11     | Reached skill level 8 in Invocations
 15974 | D:11     | Reached skill level 13 in Fighting
 15980 | D:11     | Killed a green ugly thing
 15980 | D:11     | Reached skill level 7 in Throwing
 16022 | D:11     | Found a staircase to the Lair.
 16121 | D:11     | Found a flickering gateway to a bazaar.
 16128 | Bazaar   | Entered a bazaar
 16134 | Bazaar   | Found Jafeopp's Book Shop.
 16134 | Bazaar   | Found Demminu's Jewellery Boutique.
 16398 | D:11     | Noticed an eight-headed hydra
 16403 | D:11     | Killed an eight-headed hydra
 16403 | D:11     | Received a gift from Okawaru
 16403 | D:11     | Reached XP level 12. HP: 79/137 MP: 9/18
 16577 | Lair:1   | Entered Level 1 of the Lair of Beasts
 17067 | D:11     | Reached skill level 14 in Fighting
 17195 | D:11     | Reached skill level 16 in Maces & Flails
 17840 | Lair:1   | Reached skill level 8 in Throwing
 17856 | Lair:1   | Received a gift from Okawaru
 18296 | Lair:1   | Received a gift from Okawaru
 18441 | Lair:1   | Reached skill level 15 in Fighting
 18814 | Lair:2   | Got a pair of steaming gloves
 18833 | Lair:2   | Identified the Handbook of Flight
 18850 | Lair:2   | Learned a level 2 spell: Repel Missiles
 18853 | Lair:2   | Learned a level 2 spell: Swiftness
 18881 | Lair:2   | Reached skill level 17 in Maces & Flails
 18945 | Lair:2   | Received a gift from Okawaru
 19577 | Lair:2   | Learned a level 3 spell: Regeneration
 19581 | Lair:2   | Learned a level 3 spell: Spectral Weapon
 19987 | Lair:3   | Found a hole to the Spider Nest.
 20351 | Lair:3   | Noticed Gastronok
 20382 | Lair:3   | Killed Gastronok
 20382 | Lair:3   | Reached skill level 16 in Fighting
 20382 | Lair:3   | Reached skill level 9 in Throwing
 20382 | Lair:3   | Reached XP level 13. HP: 122/153 MP: 13/19
 20687 | Lair:3   | Reached skill level 18 in Maces & Flails
 21312 | Lair:4   | Found a staircase to the Shoals.
 21349 | Lair:4   | Found a dark tunnel.
 21359 | Volcano  | Entered a volcano
 21921 | Lair:4   | Received a gift from Okawaru
 21921 | Lair:4   | Reached skill level 17 in Fighting
 22013 | Lair:3   | Received a gift from Okawaru
 22490 | Lair:4   | Received a gift from Okawaru
 22600 | Lair:4   | Reached skill level 19 in Maces & Flails
 22600 | Lair:4   | Reached skill level 10 in Throwing
 23309 | Lair:4   | Reached ****** piety under Okawaru
 23404 | Lair:4   | Reached skill level 18 in Fighting
 23910 | Lair:4   | Reached XP level 14. HP: 155/169 MP: 17/20
 24002 | Lair:5   | Received a gift from Okawaru
 24333 | Lair:5   | Found a staircase to the Slime Pits.
 24522 | Lair:5   | Reached skill level 20 in Maces & Flails
 25007 | Lair:6   | Entered Level 6 of the Lair of Beasts
 25698 | Lair:6   | Reached skill level 19 in Fighting
 25705 | Lair:6   | Received a gift from Okawaru
 25787 | Lair:6   | Reached skill level 11 in Throwing
 25844 | Lair:6   | Received a gift from Okawaru
 25950 | Lair:6   | Reached skill level 4 in Charms
 25950 | Lair:6   | Reached XP level 15. HP: 180/180 MP: 21/21
 25951 | Lair:6   | Reached skill level 6 in Charms
 25951 | Lair:6   | Reached XP level 16. HP: 189/189 MP: 22/22
 25956 | Lair:6   | Received a gift from Okawaru
 27838 | Lair:6   | Received a gift from Okawaru
 28661 | D:8      | Noticed a profane servitor
 28950 | Orc:1    | Entered Level 1 of the Orcish Mines
 28951 | Orc:1    | Reached skill level 21 in Maces & Flails
 29385 | Orc:1    | Noticed Erolcha
 29390 | Orc:1    | Killed Erolcha
 29390 | Orc:1    | Received a gift from Okawaru
 29664 | Orc:2    | Entered Level 2 of the Orcish Mines
 29814 | Orc:2    | Noticed Mungo's ghost (journeyman MiBe)
 29837 | Orc:2    | Killed Mungo's ghost
 30109 | Orc:2    | Found a staircase to the Elven Halls.
 30498 | Orc:2    | Noticed Snorg
 30511 | Orc:2    | Killed Snorg
 30511 | Orc:2    | Reached XP level 17. HP: 169/200 MP: 20/23
 31035 | Orc:2    | Received a gift from Okawaru
 31042 | Orc:2    | Got an ichor-stained robe {god gift}
 31077 | Orc:2    | Found Fitzikhi's Magic Scroll Shop.
 31077 | Orc:2    | Found Zoasa Bauk's Assorted Antiques.
 31092 | Orc:2    | Found Iliruhun's Book Shop.
 31092 | Orc:2    | Found Cixyim's Book Shoppe.
 31344 | Orc:2    | Bought a scroll of fear for 38 gold pieces
 31344 | Orc:2    | Bought a scroll of teleportation for 33 gold pieces
 31344 | Orc:2    | Bought a scroll of identify for 22 gold pieces
 31344 | Orc:2    | Bought a scroll of amnesia for 38 gold pieces
 31344 | Orc:2    | Bought a scroll of identify for 22 gold pieces
 31344 | Orc:2    | Bought a scroll of teleportation for 33 gold pieces
 31353 | Orc:2    | Bought a potion of agility for 140 gold pieces
 31353 | Orc:2    | Bought a potion of curing for 105 gold pieces
 31353 | Orc:2    | Bought a scroll of identify for 70 gold pieces
 31364 | Orc:2    | Identified the +1 robe of Amelioration {MR+} (Okawaru gifted it to you on level 2 of the Orcish Mines)
 32025 | D:12     | Noticed Harold
 32032 | D:12     | Killed Harold
 32400 | D:12     | Found a radiant altar of Vehumet.
 32533 | D:12     | Reached skill level 20 in Fighting
 32533 | D:12     | Reached skill level 12 in Throwing
 32780 | D:13     | Found Ydghazxuss's Distillery.
 32784 | D:13     | Bought a potion of heal wounds for 90 gold pieces
 32784 | D:13     | Bought a potion of curing for 54 gold pieces
 32784 | D:13     | Bought a potion of flight for 54 gold pieces
 32784 | D:13     | Bought a potion of resistance for 180 gold pieces
 32784 | D:13     | Bought a potion of agility for 72 gold pieces
 32784 | D:13     | Bought a potion of curing for 54 gold pieces
 33255 | D:13     | Reached skill level 22 in Maces & Flails
 33507 | D:14     | Found a gate to the Vaults.
 33507 | D:14     | Noticed Rupert
 33507 | D:14     | Noticed Urug
 33552 | D:14     | Noticed galech's ghost (journeyman FoFi)
 33564 | D:14     | Killed galech's ghost
 33584 | D:14     | Killed Urug
 33888 | D:14     | Identified a +4 rod of shadows (9/9) (You found it on level 14 of the Dungeon)
 35836 | D:14     | Noticed Roxanne
 35882 | D:14     | Killed Roxanne
 35882 | D:14     | Received a gift from Okawaru
 36037 | D:14     | Killed Rupert
 36195 | D:13     | Found a hide-covered altar of Uskayaw.
 36215 | D:15     | Entered Level 15 of the Dungeon
 36765 | D:15     | Received a gift from Okawaru
 36895 | D:15     | Reached skill level 23 in Maces & Flails
 37303 | D:15     | Received a gift from Okawaru
 37516 | D:15     | Reached skill level 13 in Throwing
 37532 | D:15     | Reached XP level 18. HP: 102/213 MP: 24/24
 37760 | D:15     | Received a gift from Okawaru
 37825 | D:15     | Found a staircase to the Depths.
 38648 | Shoals:1 | Entered Level 1 of the Shoals
 38659 | Shoals:1 | Found Zeys Lorgh's Food Emporium.
 38722 | Shoals:1 | Found Laemophy's Armour Shop.
 38821 | Shoals:1 | Found Yvytezubb's Gadget Emporium.
 38823 | Shoals:1 | Found Xyerah's Gadget Shop.
 39273 | Shoals:1 | Received a gift from Okawaru
 39273 | Shoals:1 | Reached skill level 21 in Fighting
 39290 | Shoals:1 | Found Codilora's Magic Scroll Shop.
 39505 | Shoals:1 | Bought a scroll of blinking for 120 gold pieces
 39505 | Shoals:1 | Bought a scroll of enchant weapon for 120 gold pieces
 39505 | Shoals:1 | Bought a scroll of enchant weapon for 120 gold pieces
 39505 | Shoals:1 | Bought a scroll of magic mapping for 56 gold pieces
 39505 | Shoals:1 | Bought a scroll of teleportation for 48 gold pieces
 39505 | Shoals:1 | Bought a scroll of identify for 32 gold pieces
 39505 | Shoals:1 | Bought a scroll of identify for 32 gold pieces
 39505 | Shoals:1 | Bought a scroll of identify for 32 gold pieces
 39505 | Shoals:1 | Bought a scroll of noise for 16 gold pieces
 40353 | Shoals:1 | Received a gift from Okawaru
 40830 | Shoals:2 | Noticed Aizul
 40842 | Shoals:2 | Killed Aizul
 41937 | Shoals:2 | Reached skill level 24 in Maces & Flails
 42653 | Shoals:2 | Reached skill level 2 in Dodging
 42947 | Shoals:3 | Reached skill level 1 in Armour
 42987 | Shoals:3 | Found a flickering gateway to a bazaar.
 43011 | Bazaar   | Entered a bazaar
 43011 | Bazaar   | Found Fupn's Jewellery Shop.
 43011 | Bazaar   | Found Rulunocu's Book Boutique.
 43027 | Bazaar   | Found Ginwukuta's Antique Armour Boutique.
 43036 | Bazaar   | Found Omeigiet's Book Emporium.
 43222 | Shoals:3 | Found a runed door.
 43488 | Shoals:3 | Reached skill level 7 in Charms
 43507 | Shoals:3 | HP: 10/215 [poisoned by a sea snake]
 43512 | Shoals:3 | HP: 5/215 [poisoned by a sea snake]
 43517 | Shoals:3 | HP: 3/215 [poisoned by a sea snake]
 43522 | Shoals:3 | HP: 2/215 [poisoned by a sea snake]
 43527 | Shoals:3 | HP: 4/215 [poisoned by a sea snake]
 43533 | Shoals:3 | HP: 6/215 [poisoned by a sea snake]
 44105 | Shoals:3 | Reached skill level 3 in Dodging
 44207 | Shoals:4 | Entered Level 4 of the Shoals
 44209 | Shoals:4 | Noticed Ilsuiw
 44254 | Shoals:3 | Reached skill level 2 in Armour
 44533 | Shoals:4 | Killed Ilsuiw
 44596 | Shoals:4 | Reached skill level 14 in Throwing
 44799 | Shoals:4 | Received a gift from Okawaru
 45197 | Shoals:4 | Reached skill level 4 in Dodging
 45513 | Shoals:4 | Reached XP level 19. HP: 139/226 MP: 25/25
 46417 | Shoals:4 | Reached skill level 3 in Armour
 47449 | Shoals:3 | Reached skill level 22 in Fighting
 47454 | Shoals:3 | Reached skill level 5 in Dodging
 47552 | Shoals:3 | HP: 9/226 [merfolk/trident (12)]
 48004 | Shoals:3 | Reached skill level 8 in Charms
 49208 | Shoals:4 | Reached skill level 4 in Armour
 49235 | Shoals:4 | Got a scorched great mace
 49236 | Shoals:4 | Identified the +4 great mace of Disharmony {crush, *Noise +Fly rPois MR+} (You found it on level 4 of the Shoals)
 49831 | Shoals:4 | Reached skill level 1 in Necromancy
 50021 | Shoals:4 | HP: 7/227 [tentacle[a kraken] (16)]
 50288 | Shoals:4 | Got a barnacled rune of Zot
 50615 | D:10     | Received a gift from Okawaru
 50740 | Elf:1    | Entered Level 1 of the Elven Halls
 50839 | Elf:1    | Identified Guesew's Guide on Calling
 50875 | Elf:1    | Reached skill level 6 in Dodging
 50875 | Elf:1    | Reached skill level 2 in Necromancy
 50876 | Elf:1    | Received a gift from Okawaru
 50931 | Elf:1    | Found a magical portal.
 50992 | WizLab   | Entered Lehudib's Moon Base
 51146 | WizLab   | Reached skill level 5 in Armour
 51150 | WizLab   | Reached XP level 20. HP: 66/239 MP: 20/26
 51156 | WizLab   | HP: 6/239 [stone giant (30)]
 51161 | WizLab   | Reached skill level 1 in Air Magic
 51603 | WizLab   | Reached skill level 15 in Throwing
 51603 | WizLab   | Reached skill level 3 in Necromancy
 51620 | WizLab   | Received a gift from Okawaru
 51747 | WizLab   | Reached skill level 2 in Air Magic
 51983 | WizLab   | Reached skill level 9 in Charms
 51986 | WizLab   | Reached skill level 7 in Dodging
 52144 | WizLab   | Received a gift from Okawaru
 52427 | WizLab   | Learned a level 1 spell: Summon Butterflies
 52433 | WizLab   | Learned a level 5 spell: Aura of Abjuration
 52438 | WizLab   | Got a crude cloak
 52449 | WizLab   | Identified the cursed +0 cloak of the Circus Animal {Int+3} (You found it in a wizard's laboratory)
 52475 | WizLab   | Identified a scroll of acquirement
 52726 | Elf:1    | Found Rujovan's Antique Armour Shoppe.
 53608 | Elf:2    | Reached skill level 4 in Necromancy
 53632 | Elf:2    | Reached skill level 3 in Air Magic
 53881 | Elf:2    | Reached skill level 6 in Armour
 53881 | Elf:2    | Reached skill level 1 in Summonings
 53899 | Elf:2    | Found Ruzusar's Gadget Shop.
 53904 | Elf:2    | Noticed a Tzitzimitl
 53959 | Elf:2    | Received a gift from Okawaru
 53966 | Elf:2    | Found a large runed door.
 53966 | Elf:2    | Found a large runed door.
 53992 | Elf:2    | Found a large runed door.
 53992 | Elf:2    | Found a large runed door.
 54308 | Elf:2    | Got a brightly glowing morningstar
 54309 | Elf:2    | Identified the +1 morningstar "Qusialul" {protect, MR++ Int-2 Dex+4} (You found it on level 2 of the Elven Halls)
 54446 | Elf:3    | Entered Level 3 of the Elven Halls
 54453 | Elf:3    | Received a gift from Okawaru
 54496 | Elf:3    | Reached skill level 2 in Summonings
 54670 | Elf:3    | Received a gift from Okawaru
 54957 | Elf:3    | Gained mutation: Your mind is acute. (Int +2) [potion of beneficial mutation]
 54995 | Elf:3    | Received a gift from Okawaru
 55163 | Elf:3    | Reached XP level 21. HP: 244/246 MP: 27/27
 55485 | Elf:3    | Reached skill level 3 in Summonings
 55521 | Elf:3    | Received a gift from Okawaru
 55685 | Elf:3    | Got a warped short sword {pierce}
 55686 | Elf:3    | Identified the +7 short sword of Compulsion {pierce, rElec rC+ Int-5} (You took it off a deep elf demonologist on level 3 of the Elven Halls)
 55689 | Elf:3    | Got a fine wooden ring
 55690 | Elf:3    | Identified the ring "Dyrouty" {MR- EV+3 Str+6} (You took it off a deep elf annihilator on level 3 of the Elven Halls)
 55698 | Elf:3    | Got a fine glass ring
 55702 | Elf:3    | Identified the ring "Taddixuz" {*Drain rC+ rN+++ Str-5 Int+7} (You took it off a deep elf elementalist on level 3 of the Elven Halls)
 55707 | Elf:3    | Got a faintly glowing rapier {elec}
 55710 | Elf:3    | Identified the +9 rapier of Generosity {elec, rElec Str-2 Dex+4} (You took it off a deep elf elementalist on level 3 of the Elven Halls)
 55724 | Elf:3    | Received a gift from Okawaru
 55724 | Elf:3    | Reached skill level 8 in Dodging
 55724 | Elf:3    | Reached skill level 4 in Air Magic
 55830 | Elf:3    | Got a smoking giant club {god gift}
 55834 | Elf:3    | Identified the +3 giant club "Trog's Indignation" {crush, *Corrode rF++ rN+ Str+2} (Okawaru gifted it to you on level 3 of the Elven Halls)
 55898 | Elf:3    | Reached skill level 5 in Necromancy
 55961 | Elf:3    | Reached skill level 4 in Summonings
 56067 | Elf:3    | Identified the Volume of the Displaced Rocks
 56119 | Elf:3    | Identified the Tome of Frigorific Unholy Arts
 56193 | Elf:3    | Identified the Catalogue of the Blaze and Cold
 57063 | Elf:2    | Received a gift from Okawaru
 57063 | Elf:2    | Reached skill level 23 in Fighting
 57192 | Elf:2    | Reached skill level 7 in Armour
 57228 | Elf:2    | Received a gift from Okawaru
 57736 | Spider:1 | Entered Level 1 of the Spider Nest
 58205 | Spider:2 | Reached skill level 5 in Summonings
 58282 | Spider:2 | Received a gift from Okawaru
 58841 | Spider:3 | Noticed Arachne
 58862 | Spider:3 | Killed Arachne
 58862 | Spider:3 | Received a gift from Okawaru
 58862 | Spider:3 | Reached skill level 5 in Air Magic
 58862 | Spider:3 | Reached XP level 22. HP: 137/260 MP: 19/28
 59006 | Lair:1   | Identified the +1 pair of gloves "Feti" {rC+} (You found it on level 2 of the Lair of Beasts)
 59732 | Spider:3 | Received a gift from Okawaru
 59822 | Spider:3 | Noticed Bai Suzhen
 59842 | Spider:3 | Killed Bai Suzhen
 59842 | Spider:3 | Reached skill level 6 in Necromancy
 60186 | Spider:4 | Entered Level 4 of the Spider Nest
 60230 | Spider:4 | Learned a level 2 spell: Blink
 60897 | Spider:4 | Reached skill level 9 in Dodging
 61032 | Spider:4 | Reached skill level 1 in Translocations
 61098 | Spider:4 | Reached skill level 6 in Summonings
 61239 | Spider:4 | Reached skill level 16 in Throwing
 61244 | Spider:4 | Reached skill level 10 in Charms
 61735 | Spider:4 | Got a gossamer rune of Zot
 61981 | Slime:1  | Entered Level 1 of the Pits of Slime
 62045 | Slime:2  | Reached skill level 8 in Armour
 62180 | Slime:5  | Entered Level 5 of the Pits of Slime
 62556 | Slime:5  | Noticed the Royal Jelly
 62867 | Slime:2  | Reached skill level 2 in Translocations
 62971 | Slime:3  | Received a gift from Okawaru
 63051 | Slime:5  | Reached skill level 7 in Summonings
 63105 | Slime:5  | Found a viscous altar of Jiyva.
 63289 | Slime:5  | Killed the Royal Jelly
 63289 | Slime:5  | Reached XP level 23. HP: 211/270 MP: 23/29
 63529 | Slime:5  | Got a pitted giant club
 63535 | Slime:5  | Identified the +6 giant club "Soyreuc" {crush, rPois rN+ MR- Dex+2} (You found it on level 5 of the Pits of Slime)
 63553 | Slime:5  | HP: 13/270 [acid (7)]
 63720 | Slime:5  | Got a slimy rune of Zot
 63722 | Slime:5  | Got a flickering amethyst amulet
 63765 | Slime:5  | Received a gift from Okawaru
 63765 | Slime:5  | Reached skill level 3 in Translocations
 63839 | Slime:5  | Got a crude crystal plate armour
 63840 | Slime:5  | Identified the +1 crystal plate armour of Kyvuobe {*Slow Str+3 Int+3 Dex+4} (You found it on level 5 of the Pits of Slime)
 63842 | Slime:5  | Identified the amulet of Trepidation {Gourm rPois rF+ rC++ MR-} (You found it on level 5 of the Pits of Slime)
 63927 | Slime:5  | Identified the Handbook of the Rocks and Poison
 64383 | Slime:5  | Got a steaming broad axe
 64395 | Slime:5  | Identified the cursed +3 broad axe of Dithmenos {drain, +Fly rPois Int+4} (You found it on level 5 of the Pits of Slime)
 64445 | Slime:5  | Identified the Compendium of Autotheism
 64848 | Vaults:1 | Entered Level 1 of the Vaults
 64869 | Vaults:1 | Received a gift from Okawaru
 64892 | Vaults:1 | Got a crude giant club {god gift}
 64893 | Vaults:1 | Identified the +4 giant club "Giro" {flame, Dex+3} (Okawaru gifted it to you on level 1 of the Vaults)
 65019 | Vaults:1 | Reached skill level 10 in Dodging
 65036 | Vaults:1 | Reached skill level 8 in Summonings
 65071 | Vaults:1 | Reached skill level 9 in Armour
 65451 | Vaults:1 | Reached skill level 4 in Translocations
 65556 | Vaults:1 | Reached skill level 24 in Fighting
 65760 | Vaults:1 | Received a gift from Okawaru
 65889 | Vaults:1 | Received a gift from Okawaru
 66112 | Vaults:1 | Noticed Donald
 66123 | Vaults:1 | Killed Donald
 66234 | Vaults:1 | Reached skill level 9 in Summonings
 66451 | Vaults:2 | Received a gift from Okawaru
 66547 | Vaults:2 | Reached XP level 24. HP: 231/282 MP: 29/29
 66637 | Vaults:2 | Reached skill level 3 in Hexes
 67027 | Vaults:2 | Reached skill level 5 in Translocations
 67619 | Vaults:3 | Received a gift from Okawaru
 67619 | Vaults:3 | Reached skill level 11 in Dodging
 67645 | Vaults:3 | Learned a level 2 spell: Corpse Rot
 67731 | Vaults:3 | Noticed Sojobo
 67741 | Vaults:3 | Killed Sojobo
 67759 | Vaults:3 | Received a gift from Okawaru
 67849 | Vaults:3 | Got a dazzling giant club {god gift}
 67850 | Vaults:3 | Identified the +4 giant club "Ybbudepp" {crush, rC+} (Okawaru gifted it to you on level 3 of the Vaults)
 67888 | Vaults:3 | Found Uklo's Weapon Shop.
 67927 | Vaults:3 | Reached skill level 17 in Throwing
 68158 | Vaults:3 | Reached skill level 10 in Summonings
 68549 | Vaults:3 | Received a gift from Okawaru
 68586 | Vaults:3 | Reached skill level 4 in Hexes
 68638 | Vaults:3 | Found a staircase to the Crypt.
 68638 | Vaults:3 | Found an ancient bone altar of Kikubaaqudgha.
 68639 | Vaults:3 | Found a basalt altar of Yredelemnul.
 68684 | Vaults:3 | Reached skill level 10 in Armour
 68868 | Vaults:3 | HP: 6/282 [yaktaur[a yaktaur captain] (25)]
 69107 | Vaults:4 | Received a gift from Okawaru
 69135 | Vaults:4 | Noticed Xtahua
 69142 | Vaults:4 | Killed Xtahua
 69190 | Vaults:4 | Found a ruined gateway.
 69223 | Desolati | Entered the Desolation of Salt
 69281 | Desolati | Reached skill level 6 in Translocations
 69283 | Desolati | Received a gift from Okawaru
 69372 | Desolati | Identified Sif Muna's Handbook of Enhancements and Combat Magic
 69464 | Desolati | Got a heavily runed golden ring
 69473 | Desolati | Got a smoking turquoise ring
 69475 | Desolati | Identified Estaajat's Guide on Supportive Lightness
 69482 | Desolati | Identified the ring of Midwinter {-Tele rF+ rN+ Stlth+} (You found it in the Desolation of Salt)
 69483 | Desolati | Identified the ring "Jerph" {EV+1 Dex+6} (You found it in the Desolation of Salt)
 69721 | Desolati | Got a translucent marble ring
 69722 | Desolati | Identified the ring of Surprise {*Corrode MR+ Str+4 Stlth+} (You took it off an ironbrand convoker in the Desolation of Salt)
 69743 | Desolati | Got a scorched copper ring
 69745 | Desolati | Identified the ring of Omaudgh {rElec rPois MP+9 Int-5 Dex-2} (You found it in the Desolation of Salt)
 69750 | Desolati | Identified the Papyrus of Boosts and Feathers
 69788 | Desolati | Reached XP level 25. HP: 222/289 MP: 28/29
 70592 | Vaults:4 | Noticed Mennas
 70604 | Vaults:4 | Killed Mennas
 70634 | Vaults:4 | Reached skill level 11 in Summonings
 70639 | Vaults:4 | Reached skill level 5 in Hexes
 70831 | Vaults:4 | Reached skill level 2 in Spellcasting
 71234 | Vaults:4 | Received a gift from Okawaru
 71243 | Vaults:4 | Got a fine giant club {god gift}
 71499 | Vaults:4 | Reached skill level 3 in Spellcasting
 71576 | Vaults:4 | Reached skill level 12 in Dodging
 71622 | Vaults:4 | Identified the +5 giant club "Widowmaker" {vamp, -Tele rPois Dex+8 Stlth+} (Okawaru gifted it to you on level 4 of the Vaults)
 72030 | Vaults:5 | Entered Level 5 of the Vaults
 72126 | Vaults:3 | Reached skill level 9 in Invocations
 72248 | Vaults:4 | Reached skill level 4 in Spellcasting
 72264 | Vaults:4 | Reached skill level 11 in Armour
 72423 | Vaults:4 | Received a gift from Okawaru
 72517 | Vaults:4 | Reached skill level 18 in Throwing
 72607 | Vaults:5 | Noticed Margery
 72625 | Vaults:4 | Killed Margery
 72625 | Vaults:4 | Reached skill level 5 in Spellcasting
 72887 | Vaults:5 | Reached skill level 10 in Invocations
 72913 | Vaults:5 | Received a gift from Okawaru
 72948 | Vaults:5 | Found Utozeemiwo's Antique Weapon Boutique.
 72983 | Vaults:5 | Reached skill level 6 in Spellcasting
 73028 | Vaults:5 | Reached XP level 26. HP: 300/300 MP: 25/32
 73125 | Vaults:5 | Noticed an ancient lich
 73130 | Vaults:5 | Killed an ancient lich
 73130 | Vaults:5 | Received a gift from Okawaru
 73328 | Vaults:5 | Reached skill level 7 in Spellcasting
 73346 | Vaults:5 | Received a gift from Okawaru
 73357 | Vaults:5 | Reached skill level 13 in Dodging
 73377 | Vaults:5 | Got a silver rune of Zot
 73396 | Vaults:5 | Received a gift from Okawaru
 73547 | Vaults:5 | Received a gift from Okawaru
 73577 | Vaults:5 | Reached skill level 12 in Armour
 73604 | Vaults:5 | Reached skill level 8 in Spellcasting
 73617 | Vaults:5 | Received a gift from Okawaru
 73768 | Vaults:5 | Identified the +3 plate armour "Ycryotafe" {rElec rF+ Int+4} (You found it on level 5 of the Vaults)
 73805 | Vaults:5 | Received a gift from Okawaru
 73840 | Vaults:5 | Gained mutation: You passively map a small area around you. [potion of beneficial mutation]
 74134 | Vaults:5 | Received a gift from Okawaru
 74348 | Vaults:5 | Identified the +1 robe of Words of Power {rF- Str+5} (You found it on level 5 of the Vaults)
 74734 | Vaults:5 | Identified Alyupemu's Catalogue of Flames and Shape Shifting
 74741 | Vaults:5 | Learned a level 5 spell: Yara's Violent Unravelling
 74829 | Vaults:3 | Reached skill level 9 in Spellcasting
 75409 | Crypt:1  | Entered Level 1 of the Crypt
 75430 | Crypt:1  | Received a gift from Okawaru
 75439 | Crypt:1  | Got a jewelled giant club {god gift}
 75711 | Crypt:1  | Reached skill level 19 in Throwing
 76755 | Crypt:2  | Received a gift from Okawaru
 76830 | Crypt:2  | Reached skill level 10 in Spellcasting
 77060 | Crypt:2  | Reached XP level 27. HP: 309/309 MP: 37/37
 77157 | Crypt:2  | Reached skill level 14 in Dodging
 77162 | Crypt:2  | Noticed a greater mummy
 77384 | Crypt:2  | Identified the +1 robe of the Cockroach {rN+ rCorr} (You found it on level 2 of the Crypt)
 77597 | Crypt:2  | Killed a greater mummy
 77760 | Crypt:3  | Entered Level 3 of the Crypt
 77763 | Crypt:3  | Reached skill level 13 in Armour
 77872 | Crypt:3  | Found a staircase to the Tomb.
 78010 | Crypt:3  | Identified the +2 giant club of Insomnia {venom, Int+3} (Okawaru gifted it to you on level 1 of the Crypt)
 78039 | Crypt:3  | Received a gift from Okawaru
 78480 | Crypt:3  | Received a gift from Okawaru
 78502 | Crypt:3  | Reached skill level 11 in Spellcasting
 78572 | Crypt:3  | Found a basalt altar of Yredelemnul.
 78593 | Crypt:3  | Noticed an ancient lich
 78628 | Crypt:3  | Received a gift from Okawaru
 78635 | Crypt:3  | Killed an ancient lich
 78991 | Crypt:3  | Identified the +6 plate armour of Gyohe {Stlth+} (You found it on level 3 of the Crypt)
 79627 | Depths:1 | Entered Level 1 of the Depths
 79676 | Depths:1 | Reached skill level 12 in Spellcasting
 79965 | Depths:1 | Noticed Jorgrun
 79980 | Depths:1 | Killed Jorgrun
 80113 | Depths:1 | Reached skill level 20 in Throwing
 80152 | Depths:1 | Found a gateway to Hell.
 80245 | Depths:1 | Found a one-way gate to the infinite horrors of the Abyss.
 80448 | Depths:2 | Received a gift from Okawaru
 80462 | Depths:2 | Reached skill level 15 in Dodging
 80500 | Depths:2 | Noticed Squonk's ghost (adept DgEE)
 80508 | Depths:2 | Killed Squonk's ghost
 80508 | Depths:2 | Reached skill level 14 in Armour
 80749 | Depths:2 | Noticed a juggernaut
 80764 | Depths:2 | Killed a juggernaut
 81333 | Depths:3 | Reached skill level 13 in Spellcasting
 81357 | Depths:3 | Found Iladang's Book Shop.
 81437 | Depths:3 | Found Syih's Gadget Emporium.
 81512 | Depths:3 | Found Eqaa's Antique Armour Emporium.
 81521 | Depths:3 | Bought the +2 hat of the Bear Spirit {Spirit, +Rage rN+ MR++} for 1212 gold pieces
 81666 | Depths:3 | Identified the ring of Asofoargh {*Tele rN++ Int+2 Slay+3} (You found it on level 3 of the Depths)
 81742 | Depths:3 | Found Kostrioma's Jewellery Emporium.
 81868 | Depths:3 | Noticed a juggernaut
 81875 | Depths:3 | Killed a juggernaut
 82022 | Depths:3 | Noticed a juggernaut
 82041 | Depths:3 | Killed a juggernaut
 82041 | Depths:3 | Received a gift from Okawaru
 82347 | Depths:3 | Found Bofuituu's Gadget Boutique.
 82401 | Depths:3 | Found a one-way gate leading to the halls of Pandemonium.
 83188 | Depths:4 | Reached skill level 6 in Air Magic
 83735 | Depths:4 | Noticed a juggernaut
 83750 | Depths:4 | Killed a juggernaut
 83960 | Depths:4 | Reached skill level 14 in Spellcasting
 84376 | Depths:5 | Entered Level 5 of the Depths
 84543 | Depths:5 | Found Berch's Armour Boutique.
 84662 | Depths:4 | Upgraded the game from 0.19.1-1-g22dce08 to 0.19.1-28-ge1247f7
 84679 | Depths:5 | Received a gift from Okawaru
 84679 | Depths:5 | Reached skill level 16 in Dodging
 84716 | Depths:5 | Reached skill level 21 in Throwing
 84729 | Depths:5 | Reached skill level 7 in Air Magic
 84743 | Depths:5 | Reached skill level 15 in Armour
 84805 | Depths:5 | Got an iridescent giant spiked club {god gift}
 84807 | Depths:5 | Identified the +4 giant spiked club "Transmigrator" {venom, rElec} (Okawaru gifted it to you on level 5 of the Depths)
 84928 | Depths:5 | Found a shattered altar of Ashenzari.
 84969 | Depths:5 | Found a gateway to a ziggurat.
 85202 | Depths:5 | Found a gate to the Realm of Zot.
 85290 | Zot:1    | Entered Level 1 of the Realm of Zot
 85360 | Zot:1    | HP: 9/309 [death cob (25)]
 85360 | Zot:1    | Slain by a death cob

Skill      XL: |  1  2  3  4  5  6  7  8  9 10 11 12 13 14 15 16 17 18 19 20 21 22 23 24 25 26 27 |
---------------+----------------------------------------------------------------------------------+-----
Maces & Flails | 1 2 3 4 5 6 7 10 12 13 15 17 19 20 21 23 24 | 24.0
Fighting       | 2 3 4 6 7 9 11 13 16 18 19 20 21 22 23 24 | 24.0
Throwing       | 3 4 5 6 7 9 10 11 13 14 15 16 17 18 19 21 | 21.1
Invocations    | 3 5 6 8 10 | 10.0
Charms         | 4 6 7 8 9 10 | 10.0
Dodging        | 4 6 7 8 9 10 11 12 13 16 | 16.2
Armour         | 2 5 6 7 8 9 10 11 12 15 | 15.1
Necromancy     | 2 4 5 6 |  6.0
Air Magic      | 3 5 7 |  7.3
Summonings     | 2 5 7 9 10 11 | 11.0
Translocations | 2 4 6 |  6.0
Hexes          | 4 5 |  5.0
Spellcasting   | 6 10 14 | 14.6

Action                   |  1- 3 |  4- 6 |  7- 9 | 10-12 | 13-15 | 16-18 | 19-21 | 22-24 | 25-27 || total
-------------------------+-------+-------+-------+-------+-------+-------+-------+-------+-------++-------
Melee: Whip              |   163 |   176 |   336 |       |       |       |       |       |       ||   675
       Hand axe          |     8 |       |       |       |       |       |       |       |       ||     8
       Unarmed           |     8 |       |       |       |       |       |       |       |       ||     8
       Mace              |       |       |   125 |       |       |       |       |       |       ||   125
       Morningstar       |       |       |    61 |       |       |       |       |       |       ||    61
       Giant club        |       |       |    55 |       |       |       |       |       |  1708 ||  1763
       Giant spiked club |       |       |       |   580 |   402 |  1484 |  1076 |  1477 |   330 ||  5349
       Glaive            |       |       |       |    23 |       |       |       |       |       ||    23
       Great mace        |       |       |       |       |       |       |    29 |       |   670 ||   699
Throw: Large rock        |       |    21 |    18 |    14 |    17 |    67 |   180 |   166 |    38 ||   521
 Cast: Regeneration      |       |       |       |       |       |       |    33 |    82 |    56 ||   171
       Repel Missiles    |       |       |       |       |       |       |     9 |    12 |    14 ||    35
       Spectral Weapon   |       |       |       |       |       |       |     2 |       |       ||     2
       Apportation       |       |       |       |       |       |       |       |    14 |    25 ||    39
       Blink             |       |       |       |       |       |       |       |     8 |     6 ||    14
Invok: Heroism           |       |       |     2 |    17 |    12 |    45 |    44 |    18 |     6 ||   144
       Finesse           |       |       |       |     1 |       |     2 |     2 |     1 |     1 ||     7
Evoke: Wand              |       |       |       |       |     1 |       |    12 |     2 |     4 ||    19
  Use: Potion            |     3 |     1 |     1 |     1 |     4 |     2 |     8 |     8 |     1 ||    29
       Scroll            |       |       |    18 |     4 |     3 |    22 |    22 |    16 |    16 ||   101
 Stab: Sleeping          |       |       |     1 |     1 |       |       |     1 |     1 |     8 ||    12
       Held in net/web   |       |       |       |       |     1 |       |       |       |       ||     1
       Distracted        |       |       |       |       |       |       |       |       |     3 ||     3
  Eat: Chunk             |     3 |     6 |    17 |    29 |    15 |    49 |    27 |    46 |    67 ||   259
       Pizza             |       |       |     1 |     2 |       |     2 |     1 |     1 |     2 ||     9
       Beef jerky        |       |       |     1 |     2 |       |     3 |     1 |       |     1 ||     8
       Royal jelly       |       |       |       |     1 |       |     1 |     1 |       |       ||     3
       Meat ration       |       |       |       |     1 |       |       |       |     1 |     2 ||     4
       Bread ration      |       |       |       |       |       |     1 |     4 |     2 |     1 ||     8
       Fruit             |       |       |       |       |       |       |     7 |       |       ||     7
Armor: Robe              |    52 |    14 |   108 |    84 |       |       |       |       |       ||   258
       Fire dragon scale |       |    58 |    85 |    53 |   168 |   574 |   237 |       |       ||  1175
       Troll leather arm |       |       |       |       |       |       |   208 |   436 |   621 ||  1265
Dodge: Dodged            |    95 |    71 |   312 |   418 |   241 |   706 |   596 |   990 |  2324 ||  5753
       Deflected         |       |       |       |       |       |       |    17 |    59 |    89 ||   165
Block: Other             |       |       |       |       |    26 |   227 |       |       |       ||   253
       Reflection        |       |       |       |       |       |    21 |       |       |       ||    21
